 Dungeon Crawl Stone Soup version 0.25-b1-50-g7b83aa72e5 (webtiles) character file.

Game seed: 5734064421067302209

28035 Delamore the Bludgeoner (level 13, -1/70 HPs)
             Began as a Gargoyle Fighter on June 12, 2020.
             Was a High Priest of Okawaru.
             Slain by an eight-headed hydra (2 damage)
             ... on level 3 of the Lair of Beasts.
             The game lasted 00:24:53 (15931 turns).

Delamore the Bludgeoner (Gargoyle Fighter)         Turns: 15931, Time: 00:24:53

Health: -1/70      AC: 23    Str: 29    XL:     13   Next: 36%
Magic:  13/13      EV: 11    Int: 10    God:    Okawaru [*****.]
Gold:   736        SH: 11    Dex: 15    Spells: 12/12 levels left

rFire    . . .     SeeInvis .   h - +2 morningstar (freeze)
rCold    + . .     Gourm    .   c - +0 kite shield
rNeg     + . .     Faith    .   N - +1 scale mail {MR+}
rPois    ∞         Spirit   .   B - +0 helmet
rElec    +         Reflect  .   (no cloak)
rCorr    .         Harm     .   m - +2 pair of gloves {Str+3}
MR       +....     Clarity  +   k - +1 pair of boots
Stlth    ..........             q - amulet of the acrobat
HPRegen  0.21/turn              w - +6 ring of dexterity
MPRegen  0.13/turn              V - +4 ring of evasion

@: no status effects
A: hooves 1, clarity, cold resistance 1, negative energy resistance 1, sense
surroundings 1, electricity resistance, strong 1, unbreathing, petrification
resistance, rot immunity, AC +9
a: Heroism, Finesse, Renounce Religion


You were on level 3 of the Lair of Beasts.
You worshipped Okawaru.
Okawaru was extremely pleased with you.
You were not hungry.

You visited 4 branches of the dungeon, and saw 17 of its levels.

You collected 925 gold pieces.
You spent 189 gold pieces at shops.

Inventory:

Hand Weapons
 a - a +0 flail
 b - a +0 whip of chaos
 h - a +2 morningstar of freezing (weapon)
 u - a +0 flail of protection
Missiles
 g - 6 javelins (quivered)
 p - 6 throwing nets
 t - 8 datura-tipped darts
 Z - 7 curare-tipped darts
Armour
 c - a +0 kite shield (worn)
 k - a +1 pair of boots (worn)
 m - a +2 pair of gloves of strength (worn)
 B - a +0 helmet (worn)
 L - a +3 ring mail of cold resistance
 N - a +1 scale mail of magic resistance (worn)
Jewellery
 q - an amulet of the acrobat (around neck)
 w - a +6 ring of dexterity (left hand)
 C - an uncursed ring of positive energy
 F - a +4 ring of protection
 H - an uncursed ring of protection from cold
 V - a +4 ring of evasion (right hand)
Wands
 l - a wand of polymorph (6)
 D - a wand of flame (18)
 I - a wand of iceblast (9)
 O - a wand of disintegration (15)
 P - a wand of acid (14)
Scrolls
 i - a scroll of acquirement {unknown}
 j - 4 scrolls of enchant weapon
 s - 3 scrolls of fear
 x - 2 scrolls of enchant armour
 y - 6 scrolls of fog {unknown}
 z - 8 scrolls of teleportation {unknown}
 A - 3 scrolls of immolation {unknown}
 E - a scroll of holy word
 J - a scroll of brand weapon
 M - a scroll of summoning
 R - 5 scrolls of remove curse
 W - a scroll of silence
Potions
 d - 5 potions of might
 o - 7 potions of curing
 Q - 2 potions of invisibility {unknown}
 S - 3 potions of berserk rage
 X - a potion of ambrosia {unknown}
 Y - a potion of heal wounds
Comestibles
 f - 32 rations


   Skills:
 + Level 4.0 Fighting
 - Level 20.1 Maces & Flails
 - Level 3.2 Armour
 + Level 4.0 Shields


You had 12 spell levels left.
You didn't know any spells.
Your spell library contained the following spells:

 Spells                   Type           Power        Failure   Level  Hunger
 Animate Skeleton         Necr           N/A          97%         1    ##.....
 Apportation              Tloc           #.....       97%         1    ##.....
 Corona                   Hex            #......      97%         1    ##.....
 Foxfire                  Conj/Fire      #...         97%         1    ##.....
 Freeze                   Ice            #...         97%         1    ##.....
 Sandblast                Erth           #.....       97%         1    ##.....
 Summon Small Mammal      Summ           #...         97%         1    ##.....
 Passwall                 Tmut/Erth      #.......     99%         2    ###....
 Confusing Touch          Hex            #.......     100%        3    ####...
 Conjure Flame            Conj/Fire      #.......     100%        3    ####...
 Frozen Ramparts          Ice            #.....       100%        3    ####...
 Gell's Gravitas          Tloc           #.........   100%        3    ####...
 Inner Flame              Hex/Fire       #.......     100%        3    ####...
 Ozocubu's Armour         Chrm/Ice       #.......     100%        3    ####...
 Stone Arrow              Conj/Erth      #.....       100%        3    ####...
 Hailstorm                Conj/Ice       #.......     100%        4    #####..
 Leda's Liquefaction      Hex/Erth       #.........   100%        4    #####..
 Petrify                  Tmut/Erth      #.......     100%        4    #####..
 Sticky Flame             Conj/Fire      #.......     100%        4    #####..
 Summon Ice Beast         Ice/Summ       #.......     100%        4    #####..
 Bolt of Magma            Conj/Fire/Erth #.........   100%        5    ######.
 Fireball                 Conj/Fire      #.........   100%        5    ######.
 Lee's Rapid Deconstruct  Erth           #.........   100%        5    ######.
 Metabolic Englaciation   Hex/Ice        #.........   100%        5    ######.
 Yara's Violent Unravell  Hex/Tmut       #.........   100%        5    ######.
 Iron Shot                Conj/Erth      #.........   100%        6    #######
 Shatter                  Erth           #.........   100%        9    #######
 Statue Form              Tmut/Erth      Unusable     N/A         6    N/A

Dungeon Overview and Level Annotations

Branches:
Dungeon (11/15)            Temple (1/1) D:6            Lair (4/6) D:11
  Swamp (0/4) Lair:2        Snake (0/4) Lair:4          Orc (1/2) D:9

Altars:
Ashenzari
Cheibriados
Dithmenos
Elyvilon
Fedhas
Gozag
Hepliaklqana
Kikubaaqudgha
Makhleb
Nemelex Xobeh
Okawaru
Qazlal
Ru
Sif Muna
Trog
Uskayaw
Vehumet
Wu Jian
Xom
Yredelemnul
Zin
The Shining One

Shops:
D:4 (   D:10 %


Innate Abilities, Weirdness & Mutations

You are resistant to torment.
Your stone body is resilient. (AC +9)
You are immune to poison.
You resist negative energy. (rN+)
You are resistant to electric shocks. (rElec)
You can survive without breathing.
You are immune to petrification.
You are immune to rotting.
You have large cloven feet.
You possess an exceptional clarity of mind.
Your flesh is cold resistant. (rC+)
You passively map a small area around you.
Your muscles are strong. (Str +2)


Message History

The eight-headed hydra bites you!
* * * LOW HITPOINT WARNING * * *
You block the eight-headed hydra's attack.
The eight-headed hydra barely misses you. x3
The eight-headed hydra bites you but does no damage.
The wolf closely misses you.
You climb upwards.
There is a stone staircase leading down here.
You sock the eight-headed hydra! You freeze the eight-headed hydra.
The eight-headed hydra is lightly wounded.
The wolf bites you but does no damage. The eight-headed hydra bites you!
* * * LOW HITPOINT WARNING * * *
You block the eight-headed hydra's attack. x2
The eight-headed hydra bites you but does no damage.
The eight-headed hydra bites you!
* * * LOW HITPOINT WARNING * * *
The eight-headed hydra bites you but does no damage.
You block the eight-headed hydra's attack.
The eight-headed hydra bites you.
You die...

...)## ###..÷#...............# #
#.#.# #....###..............# #
###.#####...# ##.............##
#
#..PP..#...####..............##
##.P......#.##........####..#.#
#...##.#P.....>.......# #..###
#..#####...#.##.......# #..#
##...# ##.#####.h.....## #..#
P#..## #..# #D@.......###P.###
.....#####.# ##.......#.###.PP#
...........####..............PP#
#.#.##.##P.##.#........#PP##...#
###.P####..............####..###
###.## ##.#####........###..#
#...#####..## #..........##..# #
..#.##.###..# ##.......#####.# #
...........## #........#####.##
#


You could see an eight-headed hydra and a wolf.

Vanquished Creatures
  Gastronok (Lair:1)
  2 hydras
  The ghost of generaletaddeo the Lord of Darkness, a journeyman DDNe of Kikubaaqudgha (Lair:2)
  Harold (Lair:1)
  A two-headed ogre (D:10)
  A dancing weapon (D:8)
  The ghost of Skodnik20 the Cleaver, a novice GnBe of Trog (D:8)
  A tengu warrior (D:9)
  An ugly thing (D:9)
  2 oklob plants (Lair:1)
  5 elephants (Lair:3)
  A black mamba (Lair:1)
  A gargoyle (D:11)
  2 spiny frogs (Lair:2)
  2 komodo dragons
  3 trolls
  A bog body (Lair:2)
  3 hippogriffs
  7 blink frogs
  A shadow (D:11)
  A vampire (D:9)
  4 wyverns
  14 yaks
  A yak (shapeshifter) (D:9)
  3 basilisks
  4 hungry ghosts
  4 wargs (D:9)
  2 soldier ants (D:11)
  2 swamp worms (Lair:2)
  3 water moccasins
  An acid dragon (D:9)
  8 porcupines
  3 orc warriors
  5 ice beasts
  2 black bears
  4 sky beasts
  A necrophage (D:9)
  4 phantoms
  6 ogres
  16 wolves
  A centaur (D:8)
  3 crocodiles
  Blork the orc (D:5)
  11 bullfrogs
  A gnoll sergeant (D:9)
  A wyvern zombie (D:7)
  A water moccasin skeleton (D:7)
  2 wyvern skeletons
  6 scorpions
  14 killer bees
  4 wights (D:9)
  5 electric eels
  3 howler monkeys
  3 crimson imps
  A quasit (D:9)
  A centaur zombie (D:7)
  8 orc priests
  9 hounds
  7 orc wizards
  4 bullfrog skeletons
  A jelly (D:6)
  A centaur skeleton (D:10)
  An iguana (D:9)
  11 worker ants
  A bullfrog simulacrum (D:11)
  2 hound zombies
  2 hound skeletons (D:9)
  A worker ant zombie (D:11)
  8 gnolls
  A howler monkey skeleton (D:7)
  18 adders
  A shadow imp (D:9)
  3 white imps (D:11)
  An adder skeleton (D:7)
  An adder zombie (D:8)
  4 worms
  A dart slug (D:2)
  6 leopard geckos
  32 orcs
  2 ball pythons
  10 bats
  10 giant cockroaches
  5 goblins
  3 hobgoblins
  22 jackals
  11 kobolds
  3 quokkas
  5 frilled lizards
  A leopard gecko skeleton (D:8)
  7 rats
387 creatures vanquished.

Vanquished Creatures (others)
  3 fungi (Lair:3)
  3 plants
6 creatures vanquished.

Grand Total: 393 creatures vanquished

Notes
Turn   | Place    | Note
-------+----------+-------------------------------------------
     0 | D:1      | Delamore the Gargoyle Fighter began the quest for the Orb.
     0 | D:1      | Reached XP level 1. HP: 14/14 MP: 1/1
    59 | D:1      | Reached XP level 2. HP: 17/19 MP: 2/2
   296 | D:1      | Reached skill level 3 in Maces & Flails
   586 | D:1      | Reached XP level 3. HP: 23/23 MP: 3/3
   759 | D:2      | Reached skill level 4 in Maces & Flails
   832 | D:2      | Reached XP level 4. HP: 25/28 MP: 4/4
  1404 | D:2      | Reached skill level 5 in Maces & Flails
  1404 | D:2      | Reached XP level 5. HP: 32/32 MP: 5/5
  2066 | D:3      | Found a faded altar of an unknown god.
  2462 | D:4      | Noticed a phantom
  2510 | D:4      | Killed a phantom
  2510 | D:4      | Reached skill level 6 in Maces & Flails
  2510 | D:4      | Reached XP level 6. HP: 25/37 MP: 6/6
  2689 | D:4      | Noticed a phantom
  2900 | D:4      | Killed a phantom
  2900 | D:4      | Reached skill level 7 in Maces & Flails
  2965 | D:4      | Reached XP level 7. HP: 40/41 MP: 7/7
  3067 | D:4      | Found Ticy's Antique Weapon Emporium.
  3169 | D:4      | Reached skill level 8 in Maces & Flails
  3630 | D:4      | Bought a runed morningstar for 189 gold pieces
  3658 | D:5      | Entered Level 5 of the Dungeon
  3720 | D:5      | Noticed Blork the orc
  3954 | D:5      | Killed Blork the orc
  3954 | D:5      | Reached skill level 9 in Maces & Flails
  3954 | D:5      | Reached XP level 8. HP: 29/46 MP: 8/8
  4433 | D:6      | Found a staircase to the Ecumenical Temple.
  4447 | Temple   | Entered the Ecumenical Temple
  4469 | Temple   | Became a worshipper of Warmaster Okawaru
  4887 | D:6      | Found a bloodstained altar of Trog.
  4888 | D:6      | Gained mutation: You have large cloven feet. [potion of
                  | mutation]
  4888 | D:6      | Gained mutation: You are somewhat resistant to further
                  | mutation. [potion of mutation]
  4888 | D:6      | Gained mutation: You have a somewhat thin skeletal
                  | structure. (Dex +2, Stealth) [potion of mutation]
  4889 | D:6      | HP: 1/46 [bullfrog (3)]
  4905 | D:6      | Reached skill level 10 in Maces & Flails
  5982 | D:6      | Reached * piety under Okawaru
  6451 | D:7      | Reached skill level 11 in Maces & Flails
  6457 | D:7      | Reached XP level 9. HP: 31/51 MP: 9/9
  7134 | D:8      | Found a runed translucent door.
  7134 | D:8      | Found a shimmering altar of Xom.
  7134 | D:8      | Noticed Skodnik20's ghost (novice GnBe)
  7135 | D:8      | Noticed a +0 whip of chaos
  7249 | D:8      | Reached skill level 12 in Maces & Flails
  7507 | D:8      | Reached ** piety under Okawaru
  7690 | D:9      | Reached skill level 13 in Maces & Flails
  7732 | D:9      | Reached *** piety under Okawaru
  7734 | D:9      | Reached XP level 10. HP: 44/56 MP: 10/10
  7866 | D:9      | Noticed a green ugly thing
  7879 | D:9      | Killed a green ugly thing
  7882 | D:9      | Noticed a tengu warrior
  7895 | D:9      | Killed a tengu warrior
  7895 | D:9      | Reached **** piety under Okawaru
  7895 | D:9      | Reached skill level 14 in Maces & Flails
  8338 | D:9      | Found a sparkling altar of Nemelex Xobeh.
  8359 | D:9      | Found a basalt altar of Yredelemnul.
  8359 | D:9      | Found a stormy altar of Qazlal.
  8359 | D:9      | Found a hide-covered altar of Uskayaw.
  8502 | D:9      | Reached skill level 15 in Maces & Flails
  8540 | D:9      | Reached ***** piety under Okawaru
  8583 | D:8      | Reached XP level 11. HP: 12/60 MP: 11/11
  8865 | D:9      | Received a gift from Okawaru
  8866 | D:9      | Got a faintly glowing scale mail {god gift}
  8869 | D:9      | Found a staircase to the Orcish Mines.
  8901 | D:9      | Identified the +1 scale mail of the True Pharaoh {Harm rC+
                  | MR- Regen+} (Okawaru gifted it to you on level 9 of the
                  | Dungeon)
  9099 | D:9      | Found an ornate altar of the Wu Jian Council.
  9106 | D:9      | Found a snail-covered altar of Cheibriados.
  9131 | D:9      | Reached skill level 16 in Maces & Flails
  9488 | D:8      | Killed a +0 whip of chaos
  9505 | D:8      | Killed Skodnik20's ghost
  9578 | Orc:1    | Entered Level 1 of the Orcish Mines
  9619 | D:10     | Entered Level 10 of the Dungeon
 10004 | D:10     | Found Saekevou's Food Emporium.
 10432 | D:10     | Noticed a two-headed ogre
 10577 | D:10     | Killed a two-headed ogre
 10577 | D:10     | Reached skill level 17 in Maces & Flails
 10904 | D:11     | Found a staircase to the Lair.
 11359 | D:11     | Reached XP level 12. HP: 63/64 MP: 12/12
 11515 | D:11     | Noticed an eight-headed hydra
 11530 | D:11     | Killed an eight-headed hydra
 11893 | D:11     | Reached skill level 18 in Maces & Flails
 12000 | Lair:1   | Entered Level 1 of the Lair of Beasts
 12276 | Lair:1   | Noticed Gastronok
 12286 | Lair:1   | Killed Gastronok
 12286 | Lair:1   | Received a gift from Okawaru
 12295 | Lair:1   | Lost mutation: You are somewhat resistant to further
                  | mutation. [potion of mutation]
 12295 | Lair:1   | Gained mutation: You are clumsy. (Dex -2) [potion of
                  | mutation]
 12295 | Lair:1   | Gained mutation: Your body sometimes deteriorates upon
                  | taking damage. [potion of mutation]
 12295 | Lair:1   | Gained mutation: Your flesh is cold resistant. (rC+)
                  | [potion of mutation]
 12296 | Lair:1   | Lost mutation: You have a somewhat thin skeletal structure.
                  | (Dex +2, Stealth) [potion of mutation]
 12296 | Lair:1   | Lost mutation: Your body sometimes deteriorates upon taking
                  | damage. [potion of mutation]
 12296 | Lair:1   | Lost mutation: You are clumsy. (Dex -2) [potion of
                  | mutation]
 12296 | Lair:1   | Gained mutation: You possess an exceptional clarity of
                  | mind. [potion of mutation]
 12296 | Lair:1   | Gained mutation: Your muscles are strong. (Str +2) [potion
                  | of mutation]
 12296 | Lair:1   | Gained mutation: You passively map a small area around you.
                  | [potion of mutation]
 12538 | Lair:1   | Noticed Harold
 12547 | Lair:1   | Killed Harold
 12925 | Lair:1   | Reached ****** piety under Okawaru
 12925 | Lair:1   | Received a gift from Okawaru
 12933 | Lair:1   | Reached skill level 19 in Maces & Flails
 13438 | Lair:2   | Noticed generaletaddeo's ghost (journeyman DDNe)
 13593 | Lair:2   | Found a runed translucent door.
 14172 | Lair:2   | Reached XP level 13. HP: 68/68 MP: 13/13
 14175 | Lair:2   | Found a staircase to the Swamp.
 14296 | Lair:2   | Killed generaletaddeo's ghost
 14649 | Lair:3   | Reached skill level 20 in Maces & Flails
 15901 | Lair:4   | Found a staircase to the Snake Pit.
 15908 | Lair:4   | Received a gift from Okawaru
 15931 | Lair:3   | HP: 1/70 [eight-headed hydra (10)]
 15931 | Lair:3   | Slain by an eight-headed hydra

Illustrated notes

Levels and vault maps discovered:
D:1:      dpeg_arrival_shelter, layout_loops_ring, serial_aquarium,
          aquarium_bridge_square [aquarium_subvault_bridge,
          aquarium_subvault_bridge, aquarium_subvault_window,
          aquarium_subvault_balcony], aquarium_window_1, aquarium_window_2,
          aquarium_window_1, aquarium_view_2d, aquarium_view_2d,
          minmay_misc_feat_alley
D:2:      layout_loops_ring, minmay_pentomino_v4
D:3:      layout_rooms, first_ration, chequers_ecumenical_altar_island
D:4:      layout_basic, serial_shops, shop, serial_bayou_pond_e, hex_medium,
          feat_on_display
D:5:      layout_cave_pools, uniq_blork_the_orc
D:6:      kennysheep_big_flooded_room, layout_rooms, minmay_temple_entry_hall,
          trog_three_pillars_becter
D:7:      layout_rooms, hangedman_decor_peaks_small
D:8:      layout_rooms, ebering_ghost_xom
D:9:      minmay_the_grid_octo_tiled_octocenter [minmay_the_grid_octo_toaster,
          minmay_the_grid_octo_shrine, minmay_the_grid_octo_fan_narrow,
          minmay_the_grid_octo_odd_swirl, minmay_the_grid_octo_prize_big_c,
          minmay_the_grid_square_5x5_empty,
          minmay_the_grid_square_5x5_beaten_path,
          minmay_the_grid_square_5x5_checkered_statues,
          minmay_the_grid_square_5x5_corner], layout_irregular_city,
          cheibrodos_worm_habitat, minmay_orc_entry_guard_dogs, basic_altar
D:10:     layout_loops_cross, serial_shops, shop
D:11:     layout_loops_ring, erik_lair_island, serial_ice, serial_ice_b,
          serial_ice_h, serial_ice_o, serial_ice_d, hangedman_pestilent_swarm
Temple:   nicolae_temple_the_god_donut
Lair:1:   layout_roguey, chequers_serial_rivers_micro_b,
          minmay_lair_oklob_chamber, lemuel_fruit_fields, lemuel_fruit_fields,
          infiniplex_staircase_pool, lemuel_fruit_tree, uniq_gastronok,
          uniq_harold
Lair:2:   layout_regular_city, nicolae_swamp_entry_splash_gauntlet,
          serial_rivers, chequers_serial_rivers_micro_a,
          chequers_serial_rivers_small_b, chequers_serial_rivers_room_a,
          chequers_serial_rivers_marsh, chequers_serial_rivers_marsh,
          chequers_serial_rivers_room_b, hellmonk_ghost_happy_afterlife
Lair:3:   layout_small_grid
Lair:4:   layout_regular_city, guppyfry_snake_entry_island,
          serial_bayou_lagoon_a
Orc:1:    cheibrodos_orc_bank, layout_caves, basic_altar, uniq_erica

Skill      XL: |  1  2  3  4  5  6  7  8  9 10 11 12 13 |
---------------+----------------------------------------+-----
Maces & Flails | 3 4 5 6 7 9 11 13 15 17 19 20 | 20.1
Fighting       | 4 |  4.0
Shields        | 4 |  4.0
Armour         | |  3.2

Action                   |  1- 3 |  4- 6 |  7- 9 | 10-12 | 13-15 || total
-------------------------+-------+-------+-------+-------+-------++-------
Melee: Flail             |   129 |   247 |    45 |       |       ||   421
       Morningstar       |       |       |   324 |   785 |   136 ||  1245
Invok: Finesse           |       |       |       |     2 |       ||     2
  Use: Potion            |       |       |    10 |     2 |       ||    12
       Scroll            |       |       |     6 |     8 |       ||    14
  Eat: Chunk             |       |     7 |    16 |    20 |     6 ||    49
       Ration            |       |       |       |     2 |       ||     2
Armor: Scale mail        |    73 |   154 |   332 |   333 |    99 ||   991
Dodge: Dodged            |    36 |    85 |   181 |   339 |    74 ||   715
Block: Kite shield       |    76 |   135 |   253 |   362 |    95 ||   921
